 Dungeon Crawl Stone Soup version 0.20.1-1-g8b1a95d (webtiles) character file.

1453 Liatris the Chopper (level 8, -11/60 HPs)
             Began as a Demonspawn Gladiator on Aug 15, 2017.
             Was an Initiate of Okawaru.
             Mangled by an orc warrior
             ... wielding a +0 dire flail
              (16 damage)
             ... on level 7 of the Dungeon on Aug 16, 2017.
             The game lasted 00:43:04 (8409 turns).

Liatris the Chopper (Demonspawn Gladiator)          Turns: 8409, Time: 00:43:05

Health: -11/60     AC:  7    Str: 15    XL:     8   Next: 47%
Magic:  0/8        EV: 15    Int:  6    God:    Okawaru [......]
Gold:   29         SH:  0    Dex: 16    Spells: 7/7 levels left

rFire    . . .     SeeInvis .   a - +0 war axe
rCold    + . .     Gourm    .   (no shield)
rNeg     . . .     Faith    .   i - +1 leather armour of the Forgotten Places {rCorr Int-4 Stlth+}
rPois    .         Spirit   +   (helmet restricted)
rElec    .         Reflect  .   (no cloak)
rCorr    +         Harm     .   (no gloves)
MR       .....                  c - +2 pair of boots
Stlth    ++++......             b - amulet of guardian spirit
Regen    0.2/turn               (no ring)
MPRegen  0.2/turn               (no ring)

@: no status effects
A: antennae 1, cold resistance 1, demonic guardian 1, sturdy frame 1
a: Renounce Religion


You were on level 7 of the Dungeon.
You worshipped Okawaru.
Okawaru was noncommittal.
You were not hungry.

You visited 2 branches of the dungeon, and saw 8 of its levels.
You also visited: Sewer.

You collected 413 gold pieces.
You spent 384 gold pieces at shops.

Inventory:

Hand Weapons
 a - a +0 war axe (weapon)
 g - a +0 great sword
 o - a +2 spear of venom
 p - a +2 hand axe of flaming
 t - the cursed +1 halberd "Demonspawn's Death" {chop, MR++}
   (You bought it in a shop on level 7 of the Dungeon)

   It inflicts extra damage upon your enemies.
   It affects your resistance to hostile enchantments.
   It has a curse placed upon it.
Missiles
 d - 3 throwing nets (quivered)
Armour
 c - a +2 pair of boots (worn)
 i - the +1 leather armour of the Forgotten Places (worn) {rCorr Int-4 Stlth+}
   (You found it on level 4 of the Dungeon)

   It affects your intelligence (-4).
   It protects you from acid and corrosion.
   It makes you more stealthy.
 r - a +3 ring mail
Magical Staves
 m - an uncursed staff of poison
Jewellery
 b - an amulet of guardian spirit (around neck)
Wands
 e - a wand of polymorph (12/24)
 s - a wand of lightning (9/15)
 u - a wand of digging (12/24)
 w - a wand of lightning (9/15)
 x - a wand of iceblast (5/15)
Scrolls
 f - a scroll of recharging
 h - a scroll of teleportation
Potions
 k - 2 potions of brilliance
 n - 2 potions of flight
 z - a potion of curing
Comestibles
 j - 2 bread rations
 l - 4 meat rations
 q - 3 fruits
 v - 4 royal jellies


   Skills:
 + Level 4.2 Fighting
 + Level 6.5 Axes
 + Level 2.0 Throwing
 + Level 2.6 Armour
 * Level 4.9 Dodging
 * Level 4.4 Stealth


You had 7 spell levels left.
You didn't know any spells.

Dungeon Overview and Level Annotations

Branches:
Dungeon (7/15)             Temple (1/1) D:5

Altars:
Ashenzari
Cheibriados
Dithmenos
Elyvilon
Fedhas
Gozag
Hepliaklqana
Kikubaaqudgha
Makhleb
Nemelex Xobeh
Okawaru
Qazlal
Ru
Sif Muna
Trog
Uskayaw
Vehumet
Xom
Yredelemnul
Zin
The Shining One

Shops:
D:4 *   D:7 *![(


Innate Abilities, Weirdness & Mutations

You have a pair of small antennae on your head.
Your flesh is cold resistant. (rC+)
A weak demonic guardian rushes to your aid.
Your movements are slightly less encumbered by armour. (ER -2)


Message History

The orc wizard gestures at you while chanting.
The magic dart hits you!
Your iron imp hits the orc but does no damage.
You slash the orc warrior!
The orc warrior is almost dead.
You slash the orc wizard!
Your iron imp disappears in a puff of smoke!
The orc priest mumbles some strange prayers to Beogh against you.
Beogh smites you!
* * * LOW HITPOINT WARNING * * *
The orc wizard hits you with a dagger.
* * * LOW HITPOINT WARNING * * *
The orc warrior closely misses you.
You barely miss the orc warrior.
The orc warrior is almost dead.
You hit the orc wizard.
You kill the orc wizard!
Okawaru accepts your kill.
The orc warrior hits you with a dire flail!
You die...

...
..).⌠.⌠..##.......
..
..................
..
......o....#.##.#
....o.........#
..............#
..........§..####..
..........oo.......
......[.###)#######
..####.## #@o## .
#.. ##5..#####
##.##[)........
#.#.......##..
#....>....#
##........#
###.....## .......#
#.......#


You could see an orc warrior, an orc priest, an orc and a friendly iron imp.

Vanquished Creatures
  A black bear (D:3)
  An ice beast (D:5)
  A centaur (D:5)
  2 big kobolds
  A bullfrog (D:6)
  A scorpion (D:6)
  A bullfrog zombie (D:6)
  A centaur zombie (D:7)
  A hound (D:4)
  3 orc priests
  3 worker ants
  An iguana (D:6)
  5 orc wizards
  3 gnolls
  12 adders
  A river rat (Sewer)
  A shadow imp (D:5)
  3 adder skeletons
  2 worms (D:3)
  6 dart slugs
  3 leopard geckos
  23 orcs
  2 ball pythons
  7 bats
  6 giant cockroaches
  9 goblins
  7 hobgoblins
  9 jackals
  36 kobolds
  4 quokkas
  5 frilled lizards
  A leopard gecko zombie (D:5)
  A quokka zombie (D:6)
  12 rats
175 creatures vanquished.

Vanquished Creatures (collateral kills)
  A sky beast (D:6)
  3 big kobolds (D:4)
  A gnoll (D:4)
  An adder (D:7)
  6 orcs
  5 kobolds
17 creatures vanquished.

Grand Total: 192 creatures vanquished

Notes
Turn   | Place    | Note
-------+----------+-------------------------------------------
     0 | D:1      | Liatris the Demonspawn Gladiator began the quest for the Orb.
     0 | D:1      | Reached XP level 1. HP: 16/16 MP: 1/1
   281 | D:1      | Gained mutation: Your movements are slightly less encumbered by armour. (ER -2) [demonic ancestry]
   281 | D:1      | Reached XP level 2. HP: 22/22 MP: 2/2
   573 | D:1      | Reached skill level 3 in Axes
  1132 | D:2      | Gained mutation: A weak demonic guardian rushes to your aid. [demonic ancestry]
  1132 | D:2      | Reached XP level 3. HP: 24/27 MP: 3/3
  1192 | D:2      | Reached skill level 1 in Stealth
  1329 | D:2      | Found a stormy altar of Qazlal.
  2030 | D:3      | Found a glowing drain.
  2084 | Sewer    | Entered a sewer
  2090 | Sewer    | Gained mutation: You have a pair of small antennae on your head. [demonic ancestry]
  2090 | Sewer    | Reached XP level 4. HP: 32/34 MP: 4/4
  2099 | Sewer    | Reached skill level 1 in Armour
  2214 | Sewer    | Noticed a big kobold
  2234 | Sewer    | Killed a big kobold
  2234 | Sewer    | Reached XP level 5. HP: 34/39 MP: 5/5
  2258 | Sewer    | Found a glowing silver altar of Zin.
  2605 | D:3      | Noticed a black bear
  2610 | D:3      | Killed a black bear
  2610 | D:3      | Reached skill level 4 in Axes
  2986 | D:3      | Found a faded altar of an unknown god.
  3181 | D:3      | Reached XP level 6. HP: 42/46 MP: 6/6
  3684 | D:4      | Got a faintly humming leather armour
  3699 | D:4      | Identified the cursed +1 leather armour of the Forgotten Places {rCorr Int-4 Stlth+} (You found it on level 4 of the Dungeon)
  4729 | D:4      | Reached XP level 7. HP: 34/52 MP: 7/7
  4732 | D:4      | Reached skill level 5 in Axes
  5119 | D:4      | Found Obriblig's General Store.
  6049 | D:5      | Entered Level 5 of the Dungeon
  6653 | D:5      | Found a staircase to the Ecumenical Temple.
  6669 | Temple   | Entered the Ecumenical Temple
  6674 | Temple   | Became a worshipper of Warmaster Okawaru
  6824 | D:5      | Reached skill level 6 in Axes
  6824 | D:5      | Gained mutation: Your flesh is cold resistant. (rC+) [demonic ancestry]
  6824 | D:5      | Reached XP level 8. HP: 47/58 MP: 8/8
  6843 | D:5      | Found a blossoming altar of Fedhas.
  8018 | D:7      | Found Ostruq's Distillery.
  8089 | D:7      | Found Cuenerph's Assorted Antiques.
  8100 | D:7      | Bought a dented cabochon amulet for 120 gold pieces
  8100 | D:7      | Bought an iridescent halberd for 216 gold pieces
  8100 | D:7      | Bought a scroll of identify for 48 gold pieces
  8100 | D:7      | Identified the cursed +1 halberd "Demonspawn's Death" {chop, MR++} (You bought it in a shop on level 7 of the Dungeon)
  8126 | D:7      | Found Fuamep's Armour Shoppe.
  8156 | D:7      | Found Wuttodar's Antique Weapon Emporium.
  8409 | D:7      | Mangled by an orc warrior

Skill      XL: |  1  2  3  4  5  6  7  8 |
---------------+-------------------------+-----
Throwing       | 2 |  2.0
Dodging        | 3 4 |  4.9
Axes           | 3 4 6 |  6.5
Stealth        | 1 2 3 4 |  4.4
Armour         | 1 2 |  2.6
Fighting       | 3 4 |  4.2

Action                   |  1- 3 |  4- 6 |  7- 9 || total
-------------------------+-------+-------+-------++-------
Melee: War axe           |   157 |   196 |   268 ||   621
  Use: Scroll            |     5 |     4 |     8 ||    17
       Potion            |     3 |     6 |     2 ||    11
 Stab: Sleeping          |       |     4 |    11 ||    15
       Distracted        |       |     1 |     3 ||     4
  Eat: Bread ration      |     1 |     1 |     1 ||     3
       Meat ration       |       |     1 |     2 ||     3
Armor: Leather armour    |    56 |    42 |    61 ||   159
Dodge: Dodged            |   127 |   179 |   221 ||   527
